AoeStats
← waLLefps.

Arena

508737284Analyzed
4v4 RM · 7d ago on Sep 23, 2026· 39m 13s· 8 players
Game mode
Random Map
Map size
Large (8 player)
Population
200
Speed
Normal
Resources
Standard
Victory
Conquest
Starting age
Dark Age
Ending age
Imperial Age
RankedLock teamsTeams togetherTeam positionsShared explorationLock speedFull tech treeHidden civsTurbo modeCheats
Victory
Defeat
🇹🇷 Spanish · Türkiye
1424
+16
🇪🇸 Poles · Spain
1416
+16
🇧🇷 Mongols · Brazil
1410
+17
🇹🇷 Saxons · Türkiye
1406
+17
🇨🇳 Persians · China
1464
-18
🇪🇸 Varangians · Spain
1446
-17
🇲🇽 Danes · Mexico
1404
-16
🇺🇸 Saxons · United States
1384
-15
Julio2
10:59 Feudal Age
11:49 Double-Bit Axe
14:36 Castle Age
12:29 Gold Mining
13:49 Horse Collar
16:23 Bow Saw
24:49 Wheelbarrow
24:00 Loom
29:59 Imperial Age
28:32 Fletching
29:19 Gold Shaft Mining
29:36 Bodkin Arrow
30:28 Stone Mining
30:39 Padded Archer Armor
30:53 Bracer
31:40 Conscription
32:07 Ballistics
32:39 Leather Archer Armor
33:03 Bloodlines
32:53 Husbandry
34:27 Elite Mangudai
37:24 Chemistry
37:37 Stone Shaft Mining
37:19 Hand Cart
36:50 Town Watch
hpbhi
10:22 Feudal Age
9:16 Loom
14:01 Horse Collar
14:43 Double-Bit Axe
21:11 Castle Age
26:08 Imperial Age
26:48 Fletching
33:54 Bow Saw
33:45 Heavy Plow
36:32 Wheelbarrow
36:08 Szlachta Privileges
36:36 Scale Barding Armor
37:23 Forging
38:02 Bloodlines
37:53 Husbandry
37:55 Cavalier
waLLefps.
11:47 Feudal Age
15:41 Castle Age
14:22 Padded Archer Armor
14:09 Horse Collar
14:55 Double-Bit Axe
16:46 Bow Saw
17:36 Leather Archer Armor
18:06 Loom
21:08 Heavy Plow
24:26 Bloodlines
26:01 Wheelbarrow
25:38 Gold Mining
27:23 Hand Cart
26:54 Town Watch
30:36 Fletching
35:06 Imperial Age
34:59 Stone Mining
36:21 Scale Barding Armor
36:27 Forging
37:13 Cavalier
39:04 Husbandry
38:25 Light Cavalry
Tameryig1t
12:17 Feudal Age
12:16 Loom
13:14 Double-Bit Axe
16:12 Castle Age
14:26 Loom
14:26 Town Watch
14:31 Loom
15:21 Wheelbarrow
16:16 Horse Collar
16:29 Stone Mining
16:33 Gold Mining
18:29 Bow Saw
18:56 Heavy Plow
21:07 Scale Mail Armor
21:17 Forging
22:17 Chain Mail Armor
23:43 Iron Casting
27:12 Gold Shaft Mining
30:41 Hand Cart
34:40 Imperial Age
34:48 Capped Ram
35:54 Conscription
35:00 Elite Hearth Troop
36:26 Plate Mail Armor
35:47 Fletching
36:19 Elite Varangian Guard
36:44 Arson
37:00 Squires
36:45 Gambesons
37:27 Shield Wall
38:36 Bodkin Arrow
CrashTag
10:11 Feudal Age
14:04 Castle Age
14:49 Double-Bit Axe
20:49 Wheelbarrow
19:59 Loom
22:29 Horse Collar
23:05 Bow Saw
25:30 Hand Cart
25:28 Heavy Plow
25:34 Town Watch
25:44 Gold Mining
25:45 Stone Mining
29:34 Imperial Age
27:55 Gold Shaft Mining
27:56 Stone Shaft Mining
27:58 Town Patrol
28:06 Scale Mail Armor
28:16 Forging
29:35 Capped Ram
29:44 Onager
30:44 Siege Engineers
31:39 Chemistry
30:29 Siege Ram
31:56 Siege Onager
35:49 Chain Mail Armor
36:10 Iron Casting
36:13 Arson
36:28 Squires
35:49 Pikeman
37:06 Man-at-Arms
37:31 Gambesons
38:49 Conscription
37:51 Halberdier
39:38 Blast Furnace
39:08 Plate Mail Armor
38:22 Long Swordsman
Dr.scifly
6:02 Loom
11:48 Feudal Age
18:16 Castle Age
16:05 Double-Bit Axe
16:03 Horse Collar
21:13 Scale Mail Armor
21:25 Forging
22:17 Bow Saw
31:54 Chain Mail Armor
33:07 Fletching
Don Roscon
9:28 Feudal Age
13:24 Castle Age
12:15 Horse Collar
12:22 Double-Bit Axe
18:13 Loom
25:15 Heavy Plow
25:33 Bow Saw
25:46 Stone Mining
25:49 Gold Mining
29:57 Imperial Age
28:40 Stone Shaft Mining
29:37 Wheelbarrow
29:31 Scale Barding Armor
29:38 Forging
30:39 Chain Barding Armor
31:44 Bloodlines
31:35 Husbandry
33:18 Plate Barding Armor
34:05 Iron Casting
33:28 Elite Jarl
36:01 Conscription
38:24 Blast Furnace
37:51 Hand Cart
zbtl458613
5:22 Loom
8:08 Feudal Age
17:25 Fletching
31:39 Double-Bit Axe
Connection lost

Rejoining the realm…

Still unreachable

The connection could not be restored.

Session expired

The server has moved on; the page needs a fresh start.